 Dungeon Crawl Stone Soup version 0.26.1-12-g5ba1501909 (webtiles) character file.

Game seed: 16169822786698232184

59 Zeld the Sneak (level 4, 0/30 HPs)
             Began as an Octopode Brigand on Oct 22, 2021.
             Succumbed to an adder's poison
             ... on level 2 of the Dungeon.
             The game lasted 00:02:03 (1404 turns).

Zeld the Sneak (Octopode Brigand)                   Turns: 1404, Time: 00:02:03

Health: 0/30       AC:  1    Str: 10    XL:     4   Next: 3%
Magic:  4/4        EV: 13    Int: 13    God:
Gold:   75         SH:  0    Dex: 14    Spells: 3/3 levels left

rFire    . . .     SeeInvis .   a - +2 dagger
rCold    . . .     Faith    .   (no shield)
rNeg     . . .     Spirit   .   (helmet restricted)
rPois    .         Reflect  .   (no amulet)
rElec    .         Harm     .   (no ring)
rCorr    .         Rampage  .   (no ring)
Will     .....                  (no ring)
Stlth    ++++......             (no ring)
HPRegen  0.10/turn              (no ring)
MPRegen  0.09/turn              (no ring)
                                (no ring)
                                (no ring)

@: lethally poisoned (0 -> -8)
A: almost no armour, stealthy swim, amphibious, 8 rings, constrict 8, camouflage
1, gelatinous body 1
a: no special abilities


You were on level 2 of the Dungeon.
You visited 1 branch of the dungeon, and saw 2 of its levels.

You collected 75 gold pieces.

Inventory:

Hand Weapons
 a - a +2 dagger (weapon)
Missiles
 b - 39 poisoned darts (quivered)
 c - 2 curare-tipped darts
Jewellery
 e - a +4 ring of protection {unknown}
Scrolls
 d - a scroll of amnesia {unknown}
 g - 3 scrolls of remove curse {unknown}
 i - a scroll of noise {unknown}
 k - a scroll of identify {unknown}
 l - a scroll of immolation {unknown}
 m - a scroll of fear {unknown}
Potions
 f - 2 potions of degeneration {unknown}
 h - a potion of flight {unknown}
 j - 2 potions of curing {unknown}
 n - a potion of haste {unknown}


   Skills:
 + Level 2.3 Fighting
 * Level 2.9 Short Blades
 * Level 2.7 Throwing
 + Level 1.5 Dodging
 + Level 5.6 Stealth


You had 3 spell levels left.
You didn't know any spells.
Your spell library was empty.

Dungeon Overview and Level Annotations

Branches:
Dungeon (2/15)

Altars:


Innate Abilities, Weirdness & Mutations

You cannot wear most types of armour.
You are very stealthy in the water. (Stealth+)
You are amphibious.
You can wear up to eight rings at the same time.
You can use your tentacles to constrict eight enemies at once.
Your skin changes colour to match your surroundings (Stealth+).
Your rubbery body absorbs attacks. (AC +1, EV +1)


Message History

You have reached level 4!
* * * LOW HITPOINT WARNING * * *
You feel sick. The bat hits you but does no damage.
You barely miss the bat. Your grab misses the bat. Your squeeze misses the bat.
The bat barely misses you.
You closely miss the bat. Your grab misses the bat.
* * * LOW HITPOINT WARNING * * *
You feel sick. The bat hits you.
* * * LOW HITPOINT WARNING * * *
* * * LOW HITPOINT WARNING * * *
You feel sick. The bat hits you but does no damage.
You hit the bat. You grab the bat. Your squeeze misses the bat.
The bat is severely wounded.
You constrict the bat.
You kill the bat!
* * * LOW HITPOINT WARNING * * *
You feel sick.
There is a lethal amount of poison in your body!
There is a lethal amount of poison in your body!
You die...

#.#....#.####.#
#.#....# #.#
#.#)...# ...
#.#....# #.#
#.#....######.#
#.#.?.........#
#..........##
##.####.##....#
.......@........
##.####.##....##
#.####.########<
................
.......<.......#
...............#
.....?........?#
...............#
....l........(.#


There were no monsters in sight!

Vanquished Creatures
  Natasha (D:2)
  An adder (D:2)
  4 goblins (D:1)
  5 hobgoblins
  2 jackals (D:1)
  4 kobolds
  6 bats
  A frilled lizard (D:2)
  2 rats
26 creatures vanquished.

Notes
Turn   | Place    | Note
-------+----------+-------------------------------------------
     0 | D:1      | Zeld the Octopode Brigand began the quest for the Orb.
     0 | D:1      | Reached XP level 1. HP: 14/14 MP: 1/1
   256 | D:1      | You fall into a shaft and drop 1 floor!
   284 | D:1      | Reached XP level 2. HP: 18/19 MP: 2/2
  1006 | D:2      | Noticed Natasha
  1018 | D:2      | Killed Natasha
  1019 | D:2      | Reached XP level 3. HP: 11/24 MP: 3/3
  1398 | D:2      | Reached XP level 4. HP: 5/30 MP: 4/4
  1402 | D:2      | HP: 1/30 [poisoned by an adder]
  1404 | D:2      | Succumbed to an adder's poison

Illustrated notes

Levels and vault maps discovered:
D:1:      dpeg_arrival_more_subterranean_lakeside_camping, layout_loops_ring
D:2:      layout_basic, grunt_qazlal_sundering, uniq_natasha, uniq_robin

Action                   |  1- 3 |  4- 6 || total
-------------------------+-------+-------++-------
Melee: Dagger            |    38 |     3 ||    41
       Tentacles         |     6 |       ||     6
       Constrict         |     5 |     1 ||     6
 Stab: Sleeping          |    11 |       ||    11
       Distracted        |     1 |       ||     1
Armor: Skin              |     1 |     2 ||     3
Dodge: Dodged            |    20 |     1 ||    21
